 Dungeon Crawl Stone Soup version 0.24-a0-736-g4e6fe308c7 (webtiles) character file.

Game seed: 11215953932794887385, levelgen mode: deterministic

266 Gargoyl the Skirmisher (level 6, -6/52 HPs)
             Began as a Centaur Abyssal Knight on Oct 2, 2019.
             Was a Believer of Lugonu.
             Killed by divine providence
             ... invoked by an orc priest
              (11 damage)
             ... on level 3 of the Dungeon.
             The game lasted 00:04:56 (3638 turns).

Gargoyl the Skirmisher (Centaur Abyssal Knight)     Turns: 3638, Time: 00:04:57

Health: -6/52      AC:  9    Str: 15    XL:     6   Next: 0%
Magic:  8/8        EV:  2    Int: 11    God:    Lugonu [**....]
Gold:   370        SH:  0    Dex: 10    Spells: 5/5 levels left

rFire    + . .     SeeInvis .   a - +2 hand axe
rCold    . . .     Gourm    .   (no shield)
rNeg     . . .     Faith    .   m - +0 plate armour
rPois    .         Spirit   .   (no helmet)
rElec    .         Reflect  .   (no cloak)
rCorr    .         Harm     .   (no gloves)
MR       .....                  (no barding)
Stlth    ..........             (no amulet)
HPRegen  0.17/turn              d - ring of protection from fire
MPRegen  0.11/turn              (no ring)

@: very quick
A: large, hooves 3, deformed body, speed 2, tough skin 3
a: Depart the Abyss, Bend Space, Renounce Religion


You were on level 3 of the Dungeon.
You worshipped Lugonu.
Lugonu was pleased with you.
You were very hungry.

You visited 1 branch of the dungeon, and saw 4 of its levels.
You visited the Abyss 1 time.

You collected 370 gold pieces.

Inventory:

Hand Weapons
 a - a +2 hand axe (weapon)
Missiles
 p - 2 javelins (quivered)
Armour
 m - a +0 plate armour (worn)
Jewellery
 d - a ring of protection from fire (left hand)
Scrolls
 e - 5 scrolls of remove curse
 f - 3 scrolls of identify
 h - a scroll of teleportation
 n - a scroll of fear
Potions
 b - a potion of brilliance
 g - 2 potions of heal wounds {unknown}
 i - a potion of lignification {unknown}
 j - a potion of flight {unknown}
 k - a potion of might
 l - 5 potions of curing {unknown}
 o - a potion of haste {unknown}
 q - 2 potions of agility {unknown}
Comestibles
 c - 11 rations


   Skills:
 + Level 3.7 Fighting
 + Level 3.3 Axes
 * Level 2.6 Armour
 * Level 1.8 Dodging
 * Level 3.0 Invocations


You had 5 spell levels left.
You didn't know any spells.
Your spell library was empty.

Dungeon Overview and Level Annotations

Branches:
Dungeon (4/15)
 Temple: D:4-7

Altars:


Innate Abilities, Weirdness & Mutations

You have hooves in place of feet.
Armour fits poorly on your strangely shaped body.
You cover ground very quickly.
You have extremely tough skin. (AC +3)


Message History

You barely resist.
There is a stone staircase leading up here.
You climb upwards.
There is a stone staircase leading down here.
You hit the orc priest but do no damage.
The orc priest is lightly wounded.
The orc priest mumbles some strange prayers to Beogh against you.
Pain shoots through your body!
* * * LOW HITPOINT WARNING * * *
You hit the orc priest but do no damage.
Your kick misses the orc priest.
The orc priest is lightly wounded.
The orc priest calls down the wrath of Beogh upon you.
Pain shoots through your body!
* * * LOW HITPOINT WARNING * * *
You hit the orc priest but do no damage.
The orc priest is lightly wounded.
The orc priest invokes the aid of Beogh against you.
Beogh smites you!
You die...

#.#..# ####....
#.##.#########. ######
##.##......####.
#....###..###.....#....
#.....[..####.....#.###
#....#..............#
#.................###
#............(....#
#....#@.........[.#
######o......######
#.......# #.......#
#########


You could see an orc priest.

Vanquished Creatures
  3 hounds (D:4)
  An orc priest (D:4)
  A worker ant (D:4)
  3 adders
  2 oozes
  2 worms
  A dart slug (D:3)
  6 orcs
  11 bats
  2 giant cockroaches
  8 goblins
  9 hobgoblins
  3 jackals (D:4)
  3 quokkas
  A ball python (D:1)
  4 frilled lizards
  9 kobolds
  5 rats
74 creatures vanquished.

Notes
Turn   | Place    | Note
-------+----------+-------------------------------------------
     0 | Abyss:1  | Gargoyl the Centaur Abyssal Knight began the quest for the
                  | Orb.
     0 | Abyss:1  | Reached XP level 1. HP: 19/19 MP: 2/2
     0 | Abyss:1  | Found a radiant altar of Vehumet.
    94 | Abyss:3  | Noticed a raiju
   117 | Abyss:3  | Found a corrupted altar of Lugonu.
   117 | Abyss:3  | Noticed a big kobold
   117 | Abyss:3  | Noticed a big kobold
   117 | Abyss:3  | Noticed a big kobold
   117 | Abyss:3  | Noticed a big kobold
   117 | Abyss:3  | Noticed a big kobold
   117 | Abyss:3  | Noticed a big kobold
   117 | Abyss:3  | Noticed a big kobold
   117 | Abyss:3  | Noticed a big kobold
   126 | Abyss:3  | Noticed a wraith
   128 | Abyss:3  | Noticed a wretched star
   133 | D:1      | Escaped the Abyss
   357 | D:1      | Reached XP level 2. HP: 24/26 MP: 3/3
   442 | D:1      | Reached * piety under Lugonu
   580 | D:1      | Reached skill level 1 in Dodging
   904 | D:2      | Reached XP level 3. HP: 31/31 MP: 4/4
  1883 | D:3      | Reached XP level 4. HP: 32/38 MP: 5/5
  1896 | D:3      | Reached ** piety under Lugonu
  2910 | D:4      | Reached XP level 5. HP: 35/45 MP: 5/7
  3618 | D:4      | Reached XP level 6. HP: 47/52 MP: 8/8
  3638 | D:3      | Killed from afar by an orc priest

Levels and vault maps discovered:
D:1:      minmay_arrival_jagged, layout_loops_cross
D:2:      layout_rooms, serial_bayou_pond_c
D:3:      layout_rooms
D:4:      layout_layer_cave, kennysheep_generic_room_16

Skill      XL: |  1  2  3  4  5 |
---------------+----------------+-----
Dodging        | 1 |  1.8
Axes           | 2 3 |  3.3
Armour         | 2 |  2.6
Invocations    | 3 |  3.0
Fighting       | |  3.7

Action                   |  1- 3 |  4- 6 || total
-------------------------+-------+-------++-------
Melee: Hand axe          |   123 |   115 ||   238
       Kick              |    18 |    21 ||    39
Invok: Depart the Abyss  |     1 |       ||     1
  Use: Scroll            |     8 |     1 ||     9
       Potion            |     1 |       ||     1
  Eat: Ration            |     1 |       ||     1
       Chunk             |       |     2 ||     2
Armor: Leather armour    |     6 |       ||     6
       Chain mail        |   115 |    10 ||   125
       Plate armour      |       |   105 ||   105
Dodge: Dodged            |    42 |    19 ||    61

Table legend:
 A = Non-vault XP
 B = Vault XP
 C = Vault XP percentage of total XP
 D = Non-vault monster count
 E = Vault monster count
 F = Vault count percentage of total count
                 A         B        C        D         E       F
            +---------+---------+-------+---------+---------+-------
      Total |     346 |      34 |   8.9 |      73 |       1 |   1.4
            +---------+---------+-------+---------+---------+-------
        D:1 |      39 |       0 |   0.0 |      24 |       0 |   0.0
        D:2 |      54 |       0 |   0.0 |      12 |       0 |   0.0
        D:3 |      68 |       0 |   0.0 |      27 |       0 |   0.0
        D:4 |     185 |      34 |  15.5 |      10 |       1 |   9.1
            +---------+---------+-------+---------+---------+-------
